 Dungeon Crawl Stone Soup version 0.31-a0-636-ge1c0e020e0 (webtiles) character file.

Game seed: 13051160107309075260

359 avis the Cleaver (level 6, -1/52 HPs)
             Began as a Hill Orc Monk on Aug 26, 2023.
             Slain by Duvessa
             ... wielding a +0 rapier
              (11 damage)
             ... on level 4 of the Dungeon.
             The game lasted 00:18:09 (3318 turns).

avis the Cleaver (Hill Orc Monk)                    Turns: 3318, Time: 00:18:09

Health: -1/52      AC: 10    Str: 16    XL:     6   Next: 65%
Magic:  6/6        EV:  7    Int: 10    God:
Gold:   183        SH:  0    Dex: 13    Spells: 5/5 levels left

rFire   . . .        a - +0 hand axe
rCold   . . .        d - orb {light}
rNeg    . . .        r - +0 chain mail
rPois   .            s - +0 helmet
rElec   .            t - +0 cloak
rCorr   .            (no gloves)
SInv    .            (no boots)
Will    +....        (no amulet) Stlth
                     (no ring)
HPRegen 0.28/turn    (no ring)
MPRegen 0.10/turn

%: no passive effects
@: enlightened, flying, glowing
A: no striking features
a: no special abilities


You were on level 4 of the Dungeon.
You visited 1 branch of the dungeon, and saw 4 of its levels.

You collected 183 gold pieces.

Inventory:

Hand Weapons
 a - a +0 hand axe (weapon)
 b - a +0 sling
 g - a +0 trident
 w - a +1 spear of venom
 B - a +1 flail of pain
 E - a +3 dire flail of holy wrath
Missiles
 f - 54 stones
 x - 4 poisoned darts (quivered)
 C - a boomerang
Armour
 d - an orb of light (worn)
 r - a +0 chain mail (worn)
 s - a +0 helmet (worn)
 t - a +0 cloak (worn)
 D - a +0 chain mail
Jewellery
 c - a ring of protection from fire
Talismans
 p - a beast talisman
Wands
 y - a wand of flame (21)
Scrolls
 j - 3 scrolls of teleportation {unknown}
 k - a scroll of immolation {unknown}
 m - 2 scrolls of identify {unknown}
 q - a scroll of revelation {unknown}
 u - a scroll of brand weapon {unknown}
 v - a scroll of vulnerability {unknown}
 A - a scroll of silence {unknown}
 F - a scroll of amnesia {unknown}
Potions
 e - 2 potions of haste {unknown}
 h - 5 potions of curing
 i - a potion of attraction {unknown}
 l - a potion of enlightenment
 n - a potion of degeneration {unknown}
 o - a potion of resistance {unknown}
 z - a potion of invisibility {unknown}


   Skills:
 - Level 4.0 Fighting
 * Level 9.4 Axes
 - Level 2.4 Dodging


You had 5 spell levels left.
You didn't know any spells.
Your spell library contained the following spells:

 Spells                   Type           Power      Damage    Failure   Level
 Shock                    Conj/Air       0%         1d3       99%         1
 Cigotuvi's Dreadful Rot  Necr/Pois/Air  0%         N/A       100%        2
 Hailstorm                Conj/Ice       0%         3d3       100%        3
 Ignite Poison            Fire/Tmut/Pois 0%         N/A       100%        3
 Swiftness                Air            0%         N/A       100%        3
 Airstrike                Air            0%         2d(0-16)  100%        4
 Summon Ice Beast         Ice/Summ       0%         N/A       100%        4
 Freezing Cloud           Conj/Ice/Air   0%         6-21      100%        5
 Simulacrum               Ice/Necr       0%         N/A       100%        6


Dungeon Overview and Level Annotations

Branches:
Dungeon (4/15)
 Temple: D:4-7

Altars:
Okawaru

Annotations:
D:4 Duvessa


Message History

Aim: Duvessa, wielding a +0 rapier and wearing a +0 scale mail (berserk, fast, haloed, about 13% to evade your +1 spear of venom)
You reach to attack!
You hit Duvessa but do no damage.
Duvessa is poisoned.
The quokka barely misses you.
Reach: w) +1 spear (venom)
Press: ? - help, Dir - move target, f/p - Duvessa
Aim: Duvessa, wielding a +0 rapier and wearing a +0 scale mail (berserk, fast, very poisoned, haloed, about 13% to evade your +1 spear of venom)
The quokka is in the way.
You hit the quokka.
The quokka is poisoned.
The quokka is lightly wounded.
The quokka bites you but does no damage.
Reach: w) +1 spear (venom)
Press: ? - help, Dir - move target, f/p - Duvessa
Aim: Duvessa, wielding a +0 rapier and wearing a +0 scale mail (berserk, fast, very poisoned, haloed, about 13% to evade your +1 spear of venom)
You reach to attack!
You hit Duvessa but do no damage.
The quokka bites you but does no damage.
Reach: w) +1 spear (venom)
Press: ? - help, Dir - move target, f/p - Duvessa
Aim: Duvessa, wielding a +0 rapier and wearing a +0 scale mail (berserk, fast, very poisoned, haloed, about 13% to evade your +1 spear of venom)
You reach to attack!
You hit Duvessa but do no damage.
You kill the quokka!
Duvessa hits you with a +0 rapier.
You hit Duvessa but do no damage.
Duvessa looks as sick as possible!
Duvessa hits you with a +0 rapier.
You hit Duvessa but do no damage.
Duvessa looks as sick as possible!
Duvessa is lightly wounded.
Duvessa hits you with a +0 rapier!
Your +1 spear of venom stops dripping with poison.
a - a +0 hand axe (weapon)
Duvessa hits you with a +0 rapier.
You hit Duvessa.
Duvessa is lightly wounded.
Duvessa hits you with a +0 rapier!
You hit Duvessa but do no damage.
Duvessa is moderately wounded.
Duvessa hits you with a +0 rapier. Duvessa hits you but does no damage.
It was a potion of curing.
You feel better. Duvessa hits you with a +0 rapier!
* * * LOW HITPOINT WARNING * * *
It was a potion of enlightenment.
You feel very buoyant.
You fly up into the air.
Duvessa hits you with a +0 rapier!
You die...

#..### ...... #..#[[
.... #..#!) ....
#..#): ... #..### ..#
#..... #.# #..... #e#
#####. #@##### #.....
#.....# ##.####
########.#.####.....#
##........#..........#
...#.#....######.....#
#.#......##.........#
#...##.####.........#
##...#...##.........#
#.....#.##.........#


You could see Duvessa (berserk, fast, very poisoned).

Vanquished Creatures
  Edmund (D:4)
  A scorpion (D:4)
  Dowan (D:4)
  Ijyb (D:4)
  Robin (D:3)
  2 adders (D:2)
  2 dart slugs
  4 orcs (D:4)
  5 ball pythons
  4 bats
  6 endoplasms
  4 giant cockroaches
  18 goblins
  12 hobgoblins
  A quokka (D:4)
  7 kobolds
  5 rats
75 creatures vanquished.

Notes
Turn   | Place    | Note
-------+----------+-------------------------------------------
     0 | D:1      | avis the Hill Orc Monk began the quest for the Orb.
     0 | D:1      | Reached XP level 1. HP: 19/19 MP: 1/1
   140 | D:1      | Reached XP level 2. HP: 11/26 MP: 2/2
   258 | D:1      | Reached skill level 5 in Axes
   632 | D:2      | Reached XP level 3. HP: 31/31 MP: 3/3
  1099 | D:2      | Reached skill level 6 in Axes
  1392 | D:2      | Reached XP level 4. HP: 37/39 MP: 4/4
  1604 | D:3      | Noticed Robin
  1696 | D:3      | Killed Robin
  1974 | D:3      | Reached skill level 7 in Axes
  2195 | D:3      | Found an iron altar of Okawaru.
  2600 | D:4      | Noticed Ijyb
  2616 | D:4      | Killed Ijyb
  2617 | D:4      | Reached XP level 5. HP: 40/46 MP: 5/5
  2940 | D:4      | Reached skill level 8 in Axes
  3119 | D:4      | Noticed Edmund
  3135 | D:4      | Killed Edmund
  3136 | D:4      | Reached skill level 9 in Axes
  3136 | D:4      | Reached XP level 6. HP: 26/52 MP: 6/6
  3293 | D:4      | Noticed Dowan
  3299 | D:4      | Noticed Duvessa
  3306 | D:4      | Killed Dowan
  3318 | D:4      | Slain by Duvessa

Illustrated notes

Levels and vault maps discovered:
D:1:      dpeg_arrival_tiny_e, layout_rooms
D:2:      layout_loops_ring
D:3:      layout_basic, mainiacjoe_overflow_brackets, serial_curves,
          eino_curves_03, eino_curves_02, eino_curves_04,
          hangedman_decor_lopped, uniq_robin
D:4:      layout_basic, due_unseen_surprise, uniq_edmund, uniq_ijyb,
          uniq_duvessa

Skill      XL: |  1  2  3  4  5 |
---------------+----------------+-----
Axes           | 5 6 7 9 |  9.4
Fighting       | 4 |  4.0
Dodging        | |  2.4

Action                     |  1- 3 |  4- 6 || total
---------------------------+-------+-------++-------
  Melee: Hand axe          |   116 |    90 ||   206
         Spear             |       |    40 ||    40
  Throw: Dart              |       |     3 ||     3
    Use: Potion            |       |     3 ||     3
 Armour: Ring mail         |    32 |    13 ||    45
         Chain mail        |       |    33 ||    33
  Dodge: Dodged            |    50 |    29 ||    79

Table legend: (Time is in decaauts)
 A = Elapsed time spent in this place.
 B = Non-inter-level travel time spent in this place.
 C = Inter-level travel time spent in this place.
 D = Time resting spent in this place.
 E = Time spent auto-exploring this place.
 F = Levels seen in this place.
 G = Mean time per level.
                   A        B        C        D        E       F      G
               +--------+--------+--------+--------+--------+-----+--------+
         Total |   3316 |   2971 |    345 |    516 |   1223 |   4 |  829.0 |
       Dungeon |   3316 |   2971 |    345 |    516 |   1223 |   4 |  829.0 |
               +--------+--------+--------+--------+--------+-----+--------+

Top non-repeatable levels by time:
     D:3: 960 daAuts
     D:2: 933 daAuts
     D:4: 732 daAuts
     D:1: 690 daAuts
